 Dungeon Crawl Stone Soup version 0.20-a0-772-g73021bd (webtiles) character file.

106 Angani the Ruffian (level 4, 0/36 HPs)
             Began as a Ghoul Warper on Feb 27, 2017.
             Slain by a gnoll (7 damage)
             ... on level 3 of the Dungeon.
             The game lasted 00:04:48 (1519 turns).

Angani the Ruffian (Ghoul Warper)                   Turns: 1519, Time: 00:04:48

Health: 0/36       AC:  4    Str: 14    XL:     4   Next: 84%
Magic:  5/5        EV: 11    Int:  8    God:
Gold:   50         SH:  0    Dex:  9    Spells: 2/6 levels left

rFire    . . .     SeeInvis .     - Unarmed
rCold    + . .     Gourm    .   p - +0 leather armour (curse)
rNeg     + + +     Faith    .   (no shield)
rPois    ∞         Spirit   .   (no helmet)
rElec    .         Reflect  .   (no cloak)
rCorr    .         Harm     .   (no gloves)
MR       .....                  g - +0 pair of boots
Stlth    +.........             (no amulet)
Regen    0.0/turn               (no ring)
MPRegen  0.1/turn               (no ring)

@: rotting
A: rotting body, claws 1, carnivore 3, cold resistance 1, negative energy
resistance 3, inhibited regeneration, torment resistance, unbreathing
a: no special abilities


You were on level 3 of the Dungeon.
You were not hungry.

You visited 1 branch of the dungeon, and saw 3 of its levels.

You collected 50 gold pieces.

Inventory:

Missiles
 d - 5 tomahawks of dispersal (quivered)
Armour
 g - a +0 pair of boots (worn)
 p - a cursed +0 leather armour (worn)
Scrolls
 c - a scroll of blinking
 i - a scroll of remove curse {unknown}
 l - 2 scrolls of teleportation {unknown}
 n - a scroll of identify {unknown}
 o - a scroll of noise {unknown}
 s - a scroll of fear {unknown}
Potions
 a - 2 potions of lignification {unknown}
 e - a potion of flight {unknown}
 h - a potion of heal wounds {unknown}
 j - a potion of mutation {unknown}
 k - 3 potions of cancellation {unknown}
 m - a potion of degeneration {unknown}
 q - a potion of agility {unknown}
 r - a potion of magic {unknown}
 t - a potion of brilliance {unknown}
Books
 b - a book of Spatial Translocations

   Spells                             Type                      Level
   a - Blink                          Translocation                2
   b - Shroud of Golubria             Charms/Translocation         2
   c - Lesser Beckoning               Translocation                3
   d - Gell's Gravitas                Translocation                3
   e - Teleport Other                 Translocation                3
   f - Passage of Golubria            Translocation                4
Comestibles
 f - a meat ration
 u - 2 chunks of flesh


   Skills:
 - Level 2.1 Fighting
 - Level 0.8 Throwing
 - Level 0.8 Armour
 - Level 1.7 Dodging
 + Level 5.3 Unarmed Combat
 - Level 1.7 Spellcasting
 - Level 2.6 Translocations


You had 2 spell levels left.
You knew the following spells:

 Your Spells              Type           Power        Failure   Level  Hunger
a - Blink                 Tloc           N/A          24%         2    ###....
b - Shroud of Golubria    Chrm/Tloc      #.........   43%         2    ###....


Dungeon Overview and Level Annotations

Branches:
Dungeon (3/15)

Altars:
Makhleb


Innate Abilities, Weirdness & Mutations

Your body is rotting away.
You thrive on raw meat.
You are immune to poison.
You have sharp fingernails.
You are carnivorous and can eat meat at any time.
Your flesh is cold resistant. (rC+)
You are immune to negative energy. (rN+++)
You do not regenerate when monsters are visible.
You are immune to unholy pain and torment.
You can survive without breathing.


Message History

The gnoll misses you.
You scratch the gnoll but do no damage. The gnoll barely misses you.
You barely miss the gnoll. The gnoll barely misses you.
You barely miss the gnoll. The gnoll misses you.
You closely miss the gnoll. The gnoll barely misses you.
You scratch the gnoll but do no damage. You scratch the gnoll.
The gnoll is moderately wounded.
The gnoll hits you.
You closely miss the gnoll.
The gnoll is moderately wounded.
The gnoll barely misses you.
You scratch the gnoll.
The gnoll is severely wounded.
The gnoll hits you.
* * * LOW HITPOINT WARNING * * *
Your leather armour prevents you from hitting the gnoll.
The gnoll is severely wounded.
The gnoll hits you!
You die...

### ..# #.#
#.# #.# #g#
# # #@# .#
..## #.# #.#
.....#.###.#
# #....#.#
.# #.../.##
#.#
##...#.###.#
##.###.#†##
#.....<.(#
######.#.#


You could see a gnoll.

Vanquished Creatures
  3 adders
  2 gnolls (D:3)
  A worm (D:2)
  A dart slug (D:2)
  2 leopard geckos (D:2)
  4 giant cockroaches
  8 goblins
  4 hobgoblins
  4 jackals (D:1)
  8 bats
  5 frilled lizards
  6 kobolds
  4 rats
52 creatures vanquished.

Notes
Turn   | Place    | Note
-------+----------+-------------------------------------------
     0 | D:1      | Angani the Ghoul Warper began the quest for the Orb.
     0 | D:1      | Reached XP level 1. HP: 17/17 MP: 2/2
    60 | D:1      | Reached skill level 3 in Unarmed Combat
    60 | D:1      | Reached XP level 2. HP: 15/24 MP: 3/3
   191 | D:1      | Learned a level 2 spell: Blink
   194 | D:1      | Learned a level 2 spell: Shroud of Golubria
   643 | D:1      | Reached skill level 4 in Unarmed Combat
   643 | D:1      | Reached XP level 3. HP: 21/27 MP: 4/4
   833 | D:2      | Reached XP level 4. HP: 23/36 MP: 5/5
  1036 | D:2      | Found a burning altar of Makhleb.
  1308 | D:2      | Reached skill level 5 in Unarmed Combat
  1519 | D:3      | Slain by a gnoll

Vault maps used:
D:1:      minmay_arrival_four_circles
D:2:      lemuel_coloured_pillars_altar
D:3:      minitemple, nicolae_overflow_crystal_walls, uniq_iyjb, uniq_jessica,
          uniq_robin

Skill      XL: |  1  2  3  4 |
---------------+-------------+-----
Unarmed Combat | 3 4 5 |  5.3
Fighting       | |  2.1
Throwing       | |  0.8
Armour         | |  0.8
Dodging        | |  1.7
Spellcasting   | |  1.7
Translocations | |  2.6

Action                   |  1- 3 |  4- 6 || total
-------------------------+-------+-------++-------
Melee: Unarmed           |   108 |    73 ||   181
       Punch             |     1 |       ||     1
  Eat: Chunk             |    16 |    12 ||    28
Armor: Leather armour    |    49 |    13 ||    62
Dodge: Dodged            |    80 |    44 ||   124
